 Dungeon Crawl Stone Soup version 0.30-a0-457-g4b7bca3bfa (webtiles) character file.

Game seed: 11986055351305398835

21322 StLion the Basher (level 12, -6/111 HPs)
             Began as a Minotaur Berserker on Dec 12, 2022.
             Was a High Priest of Trog.
             Mangled by a blink frog (7 damage)
             ... on level 1 of the Lair of Beasts.
             The game lasted 00:55:17 (11984 turns).

StLion the Basher (Minotaur Berserker)             Turns: 11984, Time: 00:55:18

Health: -6/111     AC: 25    Str: 26    XL:     12   Next: 53%
Magic:  0/11       EV:  8    Int:  8    God:    Trog [*****.]
Gold:   1001       SH: 11    Dex: 11    Spells: 11/11 levels left

rFire   + . .      SeeInvis .    K - +8 hammer of Gomec {vamp, Int+4}
rCold   . . .      Faith    .    l - +2 kite shield
rNeg    . . .      Spirit   +    R - +0 plate armour {rF+}
rPois   .          Reflect  .    (helmet restricted)
rElec   .          Harm     .    (no cloak)
rCorr   .          Rampage  .    S - +2 pair of gloves {hurl}
Will    .....                    T - +0 pair of boots
Stlth   ..........               F - amulet of guardian spirit
HPRegen 0.38/turn                Q - +4 ring of protection
MPRegen 0.12/turn                j - +4 ring of slaying

@: on berserk cooldown, slowed, studying Armour, very slow
A: horns 2, retaliatory headbutt
a: Renounce Religion, Berserk, Trog's Hand, Brothers in Arms


You were on level 1 of the Lair of Beasts.
You worshipped Trog.
Trog was extremely pleased with you.
You visited 3 branches of the dungeon, and saw 15 of its levels.
You also visited: Sewer and Bailey.

You collected 1121 gold pieces.
You spent 120 gold pieces at shops.

Inventory:

Hand Weapons
 u - a +1 morningstar of flaming
 B - the +10 mace of Paper {drain, Fly rF+++ Will-}
   (You found it on level 4 of the Dungeon)

   A truly terrible weapon, it drains the life of any living foe it strikes.
   rF:        It renders you almost immune to fire.
   Fly:       It grants you flight.
   Will:      It decreases your willpower.
 C - a +2 vorpal great sword
 K - the +8 hammer of Gomec (weapon) {vamp, Int+4}
   (You found it on level 4 of the Dungeon)

   It occasionally heals its wielder for a portion of the damage dealt when it
   wounds a living foe.
   Int:       It affects your intelligence (+4).
Missiles
 d - a throwing net (quivered)
Armour
 l - a +2 kite shield (worn)
 G - a +3 chain mail of cold resistance
 M - a +2 scale mail
 R - a +0 plate armour of fire resistance (worn)
 S - a +2 pair of gloves of hurling (worn)
 T - a +0 pair of boots (worn)
Jewellery
 f - a +4 ring of evasion
 j - a +4 ring of slaying (right hand)
 t - an amulet of the acrobat
 z - a ring of poison resistance
 F - an amulet of guardian spirit (around neck)
 J - a ring of protection from cold
 Q - a +4 ring of protection (left hand)
 U - a +4 ring of evasion
 W - a ring of resist corrosion
Wands
 a - a wand of roots (5)
 w - a wand of light (16)
 y - a wand of mindburst (27)
 L - a wand of digging (8)
 X - a wand of polymorph (12)
Scrolls
 b - a scroll of silence
 m - 5 scrolls of butterflies
 o - 2 scrolls of magic mapping
 q - a scroll of blinking
 v - 2 scrolls of brand weapon
 H - 2 scrolls of fog
 I - a scroll of teleportation
 O - 2 scrolls of enchant weapon {unknown}
 Z - a scroll of noise {unknown}
Potions
 c - 5 potions of curing
 e - a potion of might {unknown}
 g - 2 potions of invisibility
 h - a potion of lignification {unknown}
 i - 2 potions of ambrosia {unknown}
 n - 2 potions of heal wounds
 p - 4 potions of brilliance
 r - 4 potions of cancellation
 s - 2 potions of mutation
 A - 2 potions of magic {unknown}
 D - 4 potions of attraction {unknown}
 E - 5 potions of flight
 N - 5 potions of haste {unknown}


   Skills:
 + Level 11.7 Fighting
 + Level 6.2(11.5) Axes
 + Level 14.9(15.4) Maces & Flails
 + Level 14.0 Armour
 + Level 6.3 Dodging
 + Level 3.0 Stealth
 + Level 4.9 Shields


You had 11 spell levels left.
You didn't know any spells.
Your spell library was empty.

Dungeon Overview and Level Annotations

Branches:
Dungeon (12/15)            Temple (0/1) D:7            Lair (1/5) D:10
    Orc (2/2) D:9           Sewer (visited)          Bailey (visited)
    Elf: Orc:2

Altars:
Sif Muna
Yredelemnul
Zin

Shops:
D:5 *!*=:   D:6 :   D:11 ((   Orc:2 *

Annotations:
D:10 3 runed translucent doors, Zero's ghost, journeyman DsCj


Innate Abilities, Weirdness & Mutations

You have a pair of horns on your head.
You reflexively headbutt those who attack you in melee.


Message History

The blink frog blinks!
The blink frog hits you! You block the yak's attack. The blink frog hits you!
* * * LOW HITPOINT WARNING * * *
The yak gores you but does no damage.
You completely miss the yak. You headbutt the yak.
The yak is heavily wounded.
The blink frog blinks!
The blink frog hits you but does no damage.
The yak closely misses you. You block the blink frog's attack.
You sock the yak!
You feel better.
The yak is almost dead.
You block the blink frog's attack. You block the yak's attack.
The blink frog hits you.
* * * LOW HITPOINT WARNING * * *
The blink frog blinks!
You hit the yak.
The yak is almost dead.
The yak gores you.
* * * LOW HITPOINT WARNING * * *
The blink frog blinks!
The blink frog hits you but does no damage.
The yak gores you but does no damage.
You barely miss the yak.
The yak is almost dead.
You block the blink frog's attack. The blink frog hits you!
* * * LOW HITPOINT WARNING * * *
The blink frog blinks!
The electric eel shoots out a bolt of lightning at you!
The bolt of electricity hits you.
* * * LOW HITPOINT WARNING * * *
The yak gores you but does no damage. The yak attacks as you move away!
You block the yak's attack.
The blink frog blinks!
The yak gores you!
* * * LOW HITPOINT WARNING * * *
You bludgeon the yak!!
You kill the yak!
Trog accepts your kill.
The blink frog attacks as you move away!
The blink frog hits you!
You die...

#.####.##....#...
#.# #.......#...
#.# ####........
##.# #....#...
#..# #....####
#.## #........
#.# #......†.
##.# #.(......
#.@# #........
##†F## #...###.#
##.[F.## #....
### #......# #...
# ##......# #...
. #.......## .
#........#
#~S......#
#~~~~.....#


You could see 2 blink frogs and an electric eel.

Vanquished Creatures
  2 orc warlords (Orc:1)
  An ice dragon (Lair:1)
  A hydra (Lair:1)
  A two-headed ogre (Orc:1)
  3 orc knights
  2 cyclopes (D:11)
  3 orc sorcerers
  5 ugly things (D:10)
  3 elephants (Lair:1)
  A gargoyle (D:11)
  Psyche (D:9)
  A kobold demonologist (D:11)
  Grinder (D:5)
  4 trolls
  2 hornets
  A blink frog (Lair:1)
  Sigmund (D:3)
  A shadow (D:11)
  A wraith (D:11)
  17 yaks
  A vampire (D:7)
  A wyvern (D:11)
  Eustachio (D:4)
  A warg (Orc:2)
  3 vampire mosquitoes (D:10)
  2 water moccasins
  An acid dragon (D:9)
  19 orc warriors
  5 black bears
  An ice beast (D:8)
  A sky beast (D:7)
  2 ogres
  6 centaurs
  A kobold brigand (D:9)
  A necrophage (D:5)
  6 bullfrogs
  2 scorpions
  7 wights
  3 killer bees (D:10)
  4 howler monkeys
  A jelly (D:6)
  6 orc priests
  Crazy Yiuf (D:4)
  2 hounds
  2 iguanas
  Ijyb (D:3)
  Natasha (D:3)
  15 orc wizards
  Robin (D:3)
  4 gnolls (D:8)
  6 adders
  2 river rats (Sewer)
  2 white imps (D:7)
  2 worms
  A dart slug (D:1)
  55 orcs
  4 endoplasms
  7 giant cockroaches
  17 goblins
  14 hobgoblins
  11 jackals
  6 quokkas
  3 training dummies (D:11)
  6 ball pythons
  5 bats
  11 frilled lizards
  12 kobolds
  13 rats
  A bush (D:4)
332 creatures vanquished.

Vanquished Creatures (others)
  An orc (Orc:2)
  33 fungi
  27 plants (D:10)
61 creatures vanquished.

Grand Total: 393 creatures vanquished

Notes
Turn   | Place    | Note
-------+----------+-------------------------------------------
     0 | D:1      | StLion the Minotaur Berserker began the quest for the Orb.
     0 | D:1      | Reached XP level 1. HP: 19/19 MP: 0/0
   132 | D:1      | You fall into a shaft and drop 1 floor!
   162 | D:2      | Reached XP level 2. HP: 23/27 MP: 1/1
   772 | D:2      | Found a glowing silver altar of Zin.
   786 | D:2      | Reached XP level 3. HP: 33/34 MP: 2/2
   813 | D:2      | Noticed an ogre
   822 | D:2      | Killed an ogre
   823 | D:2      | Reached skill level 5 in Fighting
   823 | D:2      | Reached XP level 4. HP: 42/42 MP: 3/3
   880 | D:2      | Reached ** piety under Trog
   927 | D:2      | Reached skill level 5 in Axes
  1146 | D:2      | Reached XP level 5. HP: 41/48 MP: 4/4
  1477 | D:3      | Noticed Robin
  1502 | D:3      | Killed Robin
  1658 | D:3      | Noticed Sigmund
  1662 | D:3      | Killed Sigmund
  1663 | D:3      | Reached skill level 1 in Maces & Flails
  1663 | D:3      | Reached skill level 1 in Stealth
  1663 | D:3      | Reached XP level 6. HP: 57/57 MP: 5/5
  1706 | D:3      | Noticed Ijyb
  1714 | D:3      | Killed Ijyb
  1836 | D:3      | Found a faded altar of an unknown god.
  2137 | D:3      | Noticed Natasha
  2138 | D:3      | Found a basalt altar of Yredelemnul.
  2140 | D:3      | Killed Natasha
  2462 | D:4      | Identified the +10 mace of Paper {drain, Fly rF+++ Will-}
  2794 | D:4      | Noticed Eustachio
  2800 | D:4      | Killed Eustachio
  2801 | D:4      | Reached XP level 7. HP: 63/63 MP: 6/6
  3167 | D:4      | Identified the +4 ring mail "Viutacei" {Str+7 Slay+2}
  3469 | D:4      | Found a runed translucent door.
  3471 | D:4      | Identified the +1 hammer "Qeyguf" {antimagic, Dex+4}
  3474 | D:4      | Identified the +7 hammer "Hisor" {drain, Str+7}
  3477 | D:4      | Noticed Crazy Yiuf
  3481 | D:4      | Found the +6 shillelagh "Devastator" {shatter}
  3512 | D:4      | Identified the +8 hammer of Gomec {vamp, Int+4}
  3586 | D:4      | Killed Crazy Yiuf
  3727 | D:5      | Entered Level 5 of the Dungeon
  3727 | D:5      | Found Luatul's Assorted Antiques.
  3738 | D:5      | Bought a scroll labelled YVUAN SAMNA for 25 gold pieces
  3738 | D:5      | Bought a scroll labelled YVUAN SAMNA for 25 gold pieces
  3740 | D:5      | Identified a scroll of acquirement
  3751 | D:5      | Found Wiuschie's Distillery.
  3762 | D:5      | Bought a potion of heal wounds for 70 gold pieces
  3806 | D:5      | Found Putakhlev's Assorted Antiques.
  4050 | D:5      | Reached skill level 5 in Maces & Flails
  4053 | D:5      | Reached *** piety under Trog
  4096 | D:5      | Found Perohytu's Book Shoppe.
  4201 | D:5      | Found Qupremio's Jewellery Shop.
  4219 | D:5      | Noticed Grinder
  4229 | D:5      | Killed Grinder
  4230 | D:5      | Reached XP level 8. HP: 71/71 MP: 5/7
  4372 | D:5      | Found a glowing drain.
  4395 | Sewer    | Entered a sewer
  5042 | D:6      | Identified the +1 leather armour "Kuubb" {rF+ rCorr Str+4
                  | Slay-3}
  5531 | D:6      | Found Tir Modo's Vocational Training.
  5786 | D:7      | Found a flagged portal.
  5815 | D:7      | Found a staircase to the Ecumenical Temple.
  5825 | Bailey   | Entered a bailey
  5840 | Bailey   | Reached skill level 5 in Armour
  5845 | Bailey   | Reached **** piety under Trog
  5902 | Bailey   | Noticed an orc knight
  5975 | Bailey   | Noticed an orc knight
  5985 | Bailey   | Killed an orc knight
  5986 | Bailey   | Reached XP level 9. HP: 79/79 MP: 6/8
  5996 | Bailey   | Reached skill level 5 in Dodging
  6040 | Bailey   | Killed an orc knight
  6530 | D:7      | Reached skill level 10 in Maces & Flails
  6692 | D:7      | Identified the +2 pair of gloves "Qyjeipil" {rC+ Will+
                  | rCorr Dex+4}
  7064 | D:7      | Found a shimmering blue altar of Sif Muna.
  7219 | D:8      | Reached XP level 10. HP: 89/89 MP: 9/9
  8044 | D:9      | Noticed Psyche
  8050 | D:9      | Killed Psyche
  8509 | D:9      | Found a staircase to the Orcish Mines.
  8518 | Orc:1    | Entered Level 1 of the Orcish Mines
  8518 | Orc:1    | Noticed an orc sorcerer
  8529 | Orc:1    | Killed an orc sorcerer
  8574 | Orc:1    | Noticed an orc warlord
  8595 | D:9      | Reached skill level 10 in Armour
  8756 | Orc:1    | Killed an orc warlord
  8757 | Orc:1    | Reached XP level 11. HP: 44/97 MP: 2/10
  8955 | Orc:1    | Noticed a two-headed ogre
  8963 | Orc:1    | Killed a two-headed ogre
  9070 | Orc:2    | Entered Level 2 of the Orcish Mines
  9070 | Orc:2    | Found Akamami's Assorted Antiques.
  9084 | Orc:2    | Noticed an orc knight
  9095 | Orc:2    | Killed an orc knight
  9244 | Orc:2    | Noticed an orc sorcerer
  9258 | Orc:2    | Killed an orc sorcerer
  9263 | Orc:2    | Noticed an orc sorcerer
  9264 | Orc:2    | Noticed an orc warlord
  9277 | Orc:2    | Killed an orc sorcerer
  9313 | Orc:1    | HP: 1/97 [orc warlord/+1 war axe (7)]
  9337 | Orc:1    | HP: 3/145 [orc warlord/+1 war axe (12)]
  9350 | Orc:1    | Killed an orc warlord
  9987 | D:10     | Entered Level 10 of the Dungeon
 10018 | D:10     | Reached skill level 10 in Fighting
 10083 | D:10     | Reached ***** piety under Trog
 10221 | D:10     | Found a staircase to the Lair.
 10256 | D:10     | Found a runed translucent gate.
 10256 | D:10     | Found a runed translucent gate.
 10256 | D:10     | Found a runed translucent gate.
 10256 | D:10     | Noticed a red ugly thing
 10256 | D:10     | Noticed a green ugly thing
 10256 | D:10     | Noticed a red ugly thing
 10257 | D:10     | Noticed a green ugly thing
 10260 | D:10     | Noticed a brown ugly thing
 10271 | D:10     | Reached skill level 1 in Shields
 10803 | D:10     | Killed a green ugly thing
 10810 | D:10     | Killed a white ugly thing
 10818 | D:10     | Killed a brown ugly thing
 10819 | D:10     | Reached XP level 12. HP: 102/108 MP: 8/11
 10947 | D:10     | Found a runed translucent gate.
 10947 | D:10     | Found a runed translucent gate.
 10950 | D:10     | Found a runed translucent gate.
 10951 | D:10     | Noticed Zero's ghost (journeyman DsCj)
 10953 | D:10     | Acquired a manual of Armour
 11167 | D:11     | Found Foqeepn's Weapon Emporium.
 11508 | D:11     | Found Motushyh's Firing Range.
 11798 | Lair:1   | Entered Level 1 of the Lair of Beasts
 11816 | Lair:1   | Noticed an eight-headed hydra
 11832 | Lair:1   | Killed an eight-headed hydra
 11833 | Lair:1   | Received a gift from Trog
 11893 | Lair:1   | Identified the +4 short sword "Geijici" {vamp, rN+ rCorr
                  | Dex-2}
 11938 | Lair:1   | Noticed an ice dragon
 11962 | Lair:1   | Killed an ice dragon
 11982 | Lair:1   | HP: 1/110 [yak (10)]
 11984 | Lair:1   | Mangled by a blink frog

Illustrated notes

Levels and vault maps discovered:
D:1:      sevenhm_arrival_forest_fort_small_5, layout_loops_cross,
          reono_crystal_passage, chequers_serial_rivers_room_a
D:2:      cheibrodos_greedy_goblins, layout_basic, basic_altar,
          minmay_pentomino_u2
D:3:      layout_basic, mainiacjoe_overflow_concentric_impassable,
          chequers_ecumenical_altar_simple_redux, uniq_sigmund, uniq_robin,
          uniq_natasha, uniq_ijyb
D:4:      layout_layer_cave, mrwooster_statue_mirror, uniq_eustachio,
          uniq_crazy_yiuf_cottage
D:5:      nicolae_cairo_tiling_very_big, layout_loops_ring, serial_shops,
          nicolae_shop_advertising_works [nicolae_subvault_shop_adworks],
          nicolae_square_shop, shop, nicolae_shop_statue_plus,
          kennysheep_little_box, portal_sewer_entry_f, uniq_grinder
D:6:      layout_gridville, corexii_item_surrounded_by_moat,
          nicolae_shop_vocational
D:7:      layout_basic, nicolae_sif_muna_little_library,
          minmay_temple_entry_mist, enter_bailey_6
D:8:      layout_loops_ring
D:9:      layout_roguey, orc_0_dummy, uniq_psyche
D:10:     layout_loops_cross, due_lair_maze_entry_diamond,
          ploomutoo_gammafunk_ghost_potion_laboratory
D:11:     layout_roguey, serial_shops, nicolae_shop_stone,
          nicolae_shop_firing_range
D:12:     layout_layer_cave, portal_ice_cave_entry_pillars_2
Lair:1:   dragon1_lemuel, layout_chaotic_city, maelrawn_ghost_gauntlet_escape,
          uniq_grum
Orc:1:    layout_diamond_mine
Orc:2:    kennysheep_orc_mage_school, layout_caves, basic_altar, serial_shops,
          nicolae_shop_hallway_stairs, nicolae_orc_bridge_out, uniq_snorg,
          uniq_maurice, uniq_rupert

Skill      XL: |  1  2  3  4  5  6  7  8  9 10 11 12 |
---------------+-------------------------------------+-----
Fighting       | 4 5 6 7 8 9 10 11 | 11.7
Axes           | 4 5 6 |  6.2
Dodging        | 3 4 5 6 |  6.3
Maces & Flails | 1 3 6 8 10 12 14 | 14.9
Stealth        | 1 2 3 |  3.0
Armour         | 3 4 6 8 10 12 14 | 14.0
Shields        | 2 4 |  4.9

Action                   |  1- 3 |  4- 6 |  7- 9 | 10-12 || total
-------------------------+-------+-------+-------+-------++-------
Melee: Hand axe          |    47 |    33 |       |       ||    80
       Headbutt          |     6 |    13 |    28 |    85 ||   132
       Morningstar       |       |    45 |       |       ||    45
       Mace              |       |    12 |   179 |   422 ||   613
       Punch             |       |       |     2 |     1 ||     3
Invok: Berserk           |     1 |     2 |     5 |    23 ||    31
       Trog's Hand       |       |     1 |       |     2 ||     3
  Use: Potion            |       |     4 |       |     3 ||     7
       Scroll            |       |       |    12 |     5 ||    17
Armor: Animal skin       |     3 |     9 |       |       ||    12
       Ring mail         |       |     2 |     9 |       ||    11
       Scale mail        |       |       |    22 |       ||    22
       Plate armour      |       |       |    18 |   264 ||   282
Dodge: Dodged            |    52 |    66 |   102 |   168 ||   388
Block: Kite shield       |       |       |       |   112 ||   112

Table legend: (Time is in decaauts)
 A = Elapsed time spent in this place.
 B = Non-inter-level travel time spent in this place.
 C = Inter-level travel time spent in this place.
 D = Time resting spent in this place.
 E = Time spent auto-exploring this place.
 F = Levels seen in this place.
 G = Mean time per level.
                   A        B        C        D        E       F      G
               +--------+--------+--------+--------+--------+-----+--------+
         Total |  12235 |  11896 |    339 |   2375 |   5605 |  17 |  719.7 |
       Dungeon |  10182 |   9843 |    339 |   1520 |   5487 |  12 |  848.5 |
          Lair |    188 |    188 |      0 |     49 |     47 |   1 |  188.0 |
  Orcish Mines |   1044 |   1044 |      0 |    551 |     27 |   2 |  522.0 |
         Sewer |    416 |    416 |      0 |    200 |     43 |   1 |  416.0 |
        Bailey |    404 |    404 |      0 |     54 |      0 |   1 |  404.0 |
               +--------+--------+--------+--------+--------+-----+--------+

Top non-repeatable levels by time:
     D:4: 1290 daAuts
     D:3: 1089 daAuts
     D:7: 1086 daAuts
     D:9: 1077 daAuts
    D:10: 1014 daAuts
   Orc:1: 930 daAuts
     D:5: 930 daAuts
     D:8: 817 daAuts
    D:11: 787 daAuts
     D:1: 716 daAuts
     D:6: 684 daAuts
     D:2: 680 daAuts
   Sewer: 416 daAuts
  Bailey: 404 daAuts
  Lair:1: 188 daAuts
